 Dungeon Crawl Stone Soup version 0.31-a0-819-gf6de2f5ab6 (webtiles) character file.

Game seed: 5576938771102339557

18596 D12ThenQuit the Skirmisher (level 12, 62/62 HPs)
             Began as a Spriggan Delver on Sept 23, 2023.
             Was an Initiate of Gozag.
             Got out of the dungeon alive.
             The game lasted 00:40:44 (12266 turns).

D12ThenQuit the Skirmisher (Spriggan Delver)       Turns: 12266, Time: 00:40:44

Health: 62/62      AC:  2    Str:  8    XL:     12   Next: 29%
Magic:  13/13      EV: 39    Int: 11    God:    Gozag
Gold:   1829       SH:  0    Dex: 30    Spells: 11/11 levels left

rFire   . . .        c - +2 orcbow (freeze)
rCold   . . .        (shield currently unavailable)
rNeg    + . .        F - +0 robe
rPois   .            (helmet restricted)
rElec   .            (no cloak)
rCorr   .            (gloves unavailable)
SInv    +            (boots unavailable)
Will    ++...        G - amulet of regeneration
Stlth   ++++         R - +6 ring of dexterity
HPRegen 1.10/turn    P - ring of the Ant {+Blink rN+ EV+5 Dex+2}
MPRegen 0.13/turn

%: no passive effects
@: very quick
A: very small, no large weapons, unfitting armour, see invisible, speed 3
a: Renounce Religion, Evoke Blink, Potion Petition, Call Merchant, Bribe Branch


You escaped.
You worshipped Gozag.
Gozag was most pleased with you.
You visited 1 branch of the dungeon, and saw 12 of its levels.
You also visited: Bailey.

You collected 2634 gold pieces.
You spent 295 gold pieces at shops.
You paid 510 gold pieces to Gozag.

Inventory:

Hand Weapons
 a - a +2 dagger of venom
 b - a +3 sling of draining
 c - a +2 orcbow of freezing (weapon)
 d - a +0 short sword
 m - the +8 mace "Xylaitz" {pain, rN+++ Str+3 Int-2 Stlth+}
   (You found it on level 2 of the Dungeon)

   Str+3:     It affects your strength (+3).
   Int-2:     It affects your intelligence (-2).
   rN+++:     It renders you almost immune to negative energy.
   Stlth+:    It makes you more stealthy.
 A - a +0 trident
 B - a +0 rapier
 I - a +0 sling
 U - a +2 heavy orcbow
Missiles
 M - 10 throwing nets
 X - a curare-tipped dart
Armour
 F - a +0 robe (worn)
Jewellery
 y - a ring of poison resistance
 G - an amulet of regeneration (around neck)
 H - an amulet of magic regeneration
 P - the ring of the Ant (right hand) {+Blink rN+ EV+5 Dex+2}
   (You found it on level 8 of the Dungeon)

   [ring of evasion]

   EV+5:      It affects your evasion (+5).
   Dex+2:     It affects your dexterity (+2).
   rN+:       It protects you from negative energy.
   +Blink:    It lets you blink.
 R - a +6 ring of dexterity (left hand)
 S - a ring of ice
Talismans
 j - a serpent talisman
Wands
 e - a wand of paralysis (33)
 g - a wand of digging (3)
 w - a wand of polymorph (12)
 C - a wand of iceblast (3)
 L - a wand of mindburst (16)
 O - a wand of flame (23)
Scrolls
 n - a scroll of teleportation
 p - 4 scrolls of immolation
 s - a scroll of enchant weapon
 t - 5 scrolls of revelation
 u - a scroll of vulnerability
 v - a scroll of torment {unknown}
 z - 2 scrolls of noise
 D - a scroll of blinking {unknown}
 K - a scroll of fear
 N - 5 scrolls of fog
 Q - a scroll of amnesia
 T - a scroll of poison
 W - a scroll of brand weapon
 Y - 2 scrolls of enchant armour {unknown}
Potions
 f - 3 potions of haste
 h - 4 potions of curing
 i - 2 potions of attraction
 k - 6 potions of heal wounds
 l - 5 potions of might
 o - 2 potions of lignification
 q - 2 potions of enlightenment
 r - 3 potions of brilliance
 x - 6 potions of magic {unknown}
 E - 2 potions of ambrosia {unknown}
 J - 4 potions of resistance {unknown}
 V - 2 potions of invisibility {unknown}


   Skills:
 + Level 6.9 Fighting
 - Level 6.0 Short Blades
 + Level 14.4 Ranged Weapons
 + Level 12.4 Dodging
 - Level 7.2 Stealth
 - Level 7.6 Evocations


You had 11 spell levels left.
You didn't know any spells.
Your spell library contained the following spells:

 Spells                   Type           Power      Damage    Failure   Level
 Sandblast                Erth           0%         2d4       34%         1
 Shock                    Conj/Air       0%         1d3       34%         1
 Lesser Beckoning         Tloc           0%         N/A       47%         2
 Passwall                 Tmut/Erth      0%         N/A       47%         2
 Gell's Gravitas          Tloc           0%         N/A       71%         3
 Hailstorm                Conj/Ice       0%         3d3       71%         3
 Ozocubu's Armour         Ice            0%         N/A       71%         3
 Stone Arrow              Conj/Erth      0%         3d7       71%         3
 Swiftness                Air            0%         N/A       71%         3
 Teleport Other           Tloc           0%         N/A       71%         3
 Volatile Blastmotes      Fire/Tloc      0%         2d10      71%         3
 Airstrike                Air            0%         2d(0-16)  98%         4
 Animate Armour           Summ/Erth      0%         N/A       98%         4
 Brom's Barrelling Bould  Conj/Erth      0%         2d3       98%         4
 Fulminant Prism          Conj/Hex       0%         3d5       98%         4
 Iskenderun's Mystic Bla  Conj/Tloc      0%         2d3       98%         4
 Summon Ice Beast         Ice/Summ       0%         N/A       98%         4
 Summon Lightning Spire   Summ/Air       0%         N/A       98%         4
 Lee's Rapid Deconstruct  Erth           0%         3d4*      100%        5
 Metabolic Englaciation   Hex/Ice        0%         N/A       100%        5
 Dispersal                Tloc           0%         N/A       100%        6
 Simulacrum               Ice/Necr       Unusable   N/A       N/A         6

Dungeon Overview and Level Annotations

Branches:
Dungeon (12/15)            Temple (0/1) D:5            Lair (0/5) D:9
    Orc (0/2) D:9          Bailey (visited)

Altars:
Cheibriados
Elyvilon
Gozag
Hepliaklqana
Kikubaaqudgha
Nemelex Xobeh
Okawaru
Qazlal
Trog
Vehumet
Yredelemnul

Shops:
D:5 !   D:6 (

Annotations:
D:8 Gastronok
D:9 1 runed translucent door


Innate Abilities, Weirdness & Mutations

You are very small and have problems with some larger weapons.
You are too small for most types of armour.
You have supernaturally acute eyesight. (SInv)
You cover ground extremely quickly. (Speed+++)


Message History

There is an escape hatch in the floor here.
There is a stone staircase leading up here.
You climb upwards.
Level annotation: 1 runed translucent door You start to feel less resistant.
There is a stone staircase leading down here.
You see here a +0 flail.
Your resistance to elements expires.
There is a stone staircase leading up here.
You climb upwards.
Level annotation: Gastronok
There is a stone staircase leading down here.
There is a stone staircase leading up here.
You climb upwards.
There is a stone staircase leading down, spattered with blood here.
You see here a +0 hand axe.
There is a stone staircase leading up here.
You climb upwards.
There is a stone staircase leading down here.
There is a stone staircase leading up here.
You climb upwards.
There is a stone staircase leading down here.
There is a stone staircase leading up here.
You climb upwards.
There is a stone staircase leading down here.
You see here a +0 spear.
There is a stone staircase leading up here.
You climb upwards.
There is a stone staircase leading down here.
There is an escape hatch in the ceiling here.
A mysterious force pulls you upwards. The hatch slams shut behind you.
There is a stone staircase leading up here.
You climb upwards.
There is a stone staircase leading down here.
Partly explored, can't reach some places.
There is an open door here.
There is an open door here.
There is a staircase leading out of the dungeon here.
Alright, then stay!
You have escaped!

##.......#########..
######.......# #....
#............# #....
#.#####....### #.... #.#
###..#########....
#######.########..............
≈≈≈≈≈≈≈.≈≈≈≈≈≈≈≈.############'
####≈≈≈.≈≈≈####≈..............
#>.####'####.@#≈.#.######.....
#..'.......'..#≈.#............
##'####+####'##≈.#######.#....
#.#.......#.#≈≈.# ###......
#.#...8...#.#≈≈.# #........
#.+.#####.'.#≈≈.# #.#......
#.#...8...#.#≈≈.#####.#......
#.#.......#.#≈≈.##..(.#......
##'####'####+##≈.##.#.........


There were no monsters in sight!

Vanquished Creatures
  Jorgrun (D:12)
  A two-headed ogre (D:12)
  A boulder beetle (D:11)
  Amaemon (D:8)
  Pikel (D:7)
  An ugly thing (D:6)
  2 manticores
  4 gargoyles
  An orange demon (D:8)
  An unseen horror (D:11)
  A komodo dragon (D:9)
  2 trolls (D:10)
  3 vampires
  2 wraiths (D:10)
  A wyvern (D:7)
  2 shadows
  27 yaks
  A steam dragon (D:10)
  8 vampire mosquitoes
  An acid dragon (D:7)
  5 orc warriors
  2 black bears
  A wolf (D:8)
  An ogre (D:4)
  8 centaurs
  2 lemures (D:8)
  2 kobold brigands
  A gnoll sergeant (D:8)
  4 bullfrogs
  2 scorpions (D:5)
  11 wights
  12 killer bees
  2 howler monkeys (D:8)
  7 vampire bats (Bailey)
  An electric eel (D:6)
  4 wolf zombies (Bailey)
  7 orc priests
  10 hounds
  A jelly (D:5)
  2 gnoll boudas (D:8)
  3 iguanas
  Terence (D:2)
  A sleepcap (D:5)
  15 orc wizards
  10 adders
  18 gnolls
  A worm (D:3)
  3 dart slugs (D:1)
  58 orcs
  2 bats (D:1)
  12 endoplasms
  6 giant cockroaches
  6 goblins
  7 hobgoblins
  17 jackals
  12 kobolds
  2 quokkas
  5 ball pythons
  3 frilled lizards
  17 orc zombies (Bailey)
  4 rats (D:1)
350 creatures vanquished.

Vanquished Creatures (others)
  A wizard (D:9)
  A butterfly (D:10)
2 creatures vanquished.

Grand Total: 352 creatures vanquished

Notes
Turn   | Place    | Note
-------+----------+-------------------------------------------
     0 | D:5      | D12ThenQuit the Spriggan Delver began the quest for the
                  | Orb.
     0 | D:5      | Reached XP level 1. HP: 11/11 MP: 2/2
    15 | D:5      | Noticed a sleepcap
    15 | D:5      | Noticed a scorpion
   444 | D:2      | Reached XP level 2. HP: 16/16 MP: 3/3
   452 | D:2      | Identified the +8 mace "Xylaitz" {pain, rN+++ Str+3 Int-2
                  | Stlth+}
   488 | D:2      | Noticed Terence
   575 | D:2      | Found a faded altar of an unknown god.
   774 | D:1      | Reached XP level 3. HP: 19/19 MP: 4/4
   923 | D:1      | Reached skill level 5 in Dodging
  1212 | D:1      | Reached XP level 4. HP: 19/23 MP: 5/5
  1654 | D:2      | Found a white marble altar of Elyvilon.
  1838 | D:2      | Killed Terence
  2095 | D:3      | Found a hazy altar of Hepliaklqana.
  2148 | D:3      | Found a snail-covered altar of Cheibriados.
  2176 | D:3      | Reached XP level 5. HP: 25/27 MP: 6/6
  2644 | D:3      | Upgraded the game from 0.31-a0-818-ge7c7cf74f0 to
                  | 0.31-a0-819-gf6de2f5ab6
  2888 | D:4      | Reached XP level 6. HP: 26/32 MP: 7/7
  3125 | D:4      | Found a sparkling altar of Nemelex Xobeh.
  3190 | D:4      | Found an opulent altar of Gozag.
  3229 | D:4      | Became a worshipper of Gozag Ym Sagoz the Greedy
  3887 | D:5      | Reached XP level 7. HP: 36/36 MP: 8/8
  3919 | D:5      | Found a staircase to the Ecumenical Temple.
  3975 | D:5      | Found Ymasexat's Distillery.
  4229 | D:5      | Reached skill level 5 in Short Blades
  4414 | D:6      | Found an ancient bone altar of Kikubaaqudgha.
  4417 | D:6      | Found a radiant altar of Vehumet.
  4696 | D:6      | Found Guni's Weapon Shoppe.
  4704 | D:6      | Bought a +3 sling of draining for 295 gold pieces
  4822 | D:6      | Reached skill level 1 in Ranged Weapons
  5007 | D:6      | Reached skill level 2 in Ranged Weapons
  5199 | D:7      | Reached skill level 3 in Ranged Weapons
  5199 | D:7      | Reached XP level 8. HP: 40/40 MP: 9/9
  5222 | D:7      | Noticed a purple ugly thing
  5326 | D:6      | Killed a purple ugly thing
  5327 | D:6      | Reached skill level 5 in Ranged Weapons
  5372 | D:7      | Reached skill level 6 in Ranged Weapons
  5496 | D:7      | Reached skill level 7 in Ranged Weapons
  5612 | D:7      | Reached XP level 9. HP: 39/44 MP: 10/10
  5684 | D:7      | Reached skill level 8 in Ranged Weapons
  5862 | D:7      | Found an iron altar of Okawaru.
  6271 | D:7      | Reached skill level 9 in Ranged Weapons
  6800 | D:8      | Identified the ring of the Ant {+Blink rN+ EV+5 Dex+2}
  6803 | D:8      | Noticed Amaemon
  6832 | D:8      | Noticed Pikel
  6849 | D:7      | Killed Pikel
  6850 | D:7      | Reached skill level 10 in Ranged Weapons
  7011 | D:8      | Noticed an orange demon
  7035 | D:8      | Killed Amaemon
  7036 | D:8      | Reached skill level 11 in Ranged Weapons
  7036 | D:8      | Reached XP level 10. HP: 49/49 MP: 11/11
  7151 | D:8      | Reached skill level 12 in Ranged Weapons
  7171 | D:8      | Noticed Gastronok
  7184 | D:8      | Killed an orange demon
  8064 | D:9      | Found a staircase to the Orcish Mines.
  8202 | D:9      | Noticed a gargoyle
  8267 | D:9      | Reached skill level 13 in Ranged Weapons
  8270 | D:9      | Reached skill level 1 in Evocations
  8341 | D:9      | Found a staircase to the Lair.
  8474 | D:9      | Found a bloodstained altar of Trog.
  8757 | D:9      | Noticed a deep elf archer
  8757 | D:9      | Noticed an orc knight
  8758 | D:9      | Found a runed translucent door.
  8760 | D:9      | Noticed a great orb of eyes
  8760 | D:9      | Noticed a flayed ghost
  8760 | D:9      | Noticed a manticore
  8760 | D:9      | Noticed a cyclops
  8819 | D:9      | Noticed a wizard
  8825 | D:9      | Killed a wizard
  8961 | D:10     | Entered Level 10 of the Dungeon
  9036 | D:10     | Reached XP level 11. HP: 54/54 MP: 12/12
  9047 | D:10     | Reached skill level 10 in Dodging
  9140 | D:10     | Reached skill level 5 in Fighting
  9206 | D:10     | Found a white marble altar of Elyvilon.
  9409 | D:10     | Found a flagged portal.
  9423 | D:10     | Reached skill level 5 in Evocations
  9430 | Bailey   | Entered a bailey
  9717 | Bailey   | Identified the staff of Circularity {Dex+6 SInv Earth}
  9721 | Bailey   | Identified the +0 scale mail of Foolhardiness {Fly rN++}
  9798 | Bailey   | Identified the +1 plate armour "Wudeam" {*Corrode rElec
                  | Int+2 SInv}
 10012 | D:10     | Found a basalt altar of Yredelemnul.
 10174 | D:11     | Found a bloodstained altar of Trog.
 10245 | D:11     | Noticed a boulder beetle
 11120 | D:12     | Found a stormy altar of Qazlal.
 11190 | D:12     | Reached skill level 14 in Ranged Weapons
 11276 | D:12     | Noticed a two-headed ogre
 11282 | D:12     | Killed a two-headed ogre
 11310 | D:12     | Reached XP level 12. HP: 62/62 MP: 13/13
 11403 | D:12     | Noticed Jorgrun
 12004 | D:12     | Killed Jorgrun
 12018 | D:11     | Killed a boulder beetle
 12266 | D:$      | Got out of the dungeon alive.

Illustrated notes

Levels and vault maps discovered:
D:1:      heliophobic_arrival_glass_houses, layout_basic
D:2:      layout_basic, ebering_ecumenical_altar_mist, basic_altar, uniq_terence
D:3:      layout_basic, lemuel_round_altar, marbit_many_paths
D:4:      layout_basic, nemelex_altar_shiori, grunt_gozag_statues,
          minmay_fractal_squares_5
D:5:      layout_rooms, minmay_temple_entry_sparse_star, serial_shops, shop,
          uniq_grinder
D:6:      layout_basic, nicolae_overflow_squiral, serial_shops, shop
D:7:      layout_layer_cave, mainiacjoe_overflow_alcove_1, serial_glass,
          glass_columns_a, glass_columns_b, glass_columns_b, glass_columns_a,
          glass_columns_a, glass_columns_b, glass_columns_c, glass_columns_a,
          minmay_tree_intersection
D:8:      layout_cave_pools, serial_gnoll_camp, gnoll_camp_mini_hut,
          gnoll_camp_mini_doghouse, gnoll_camp_mini_doghouse,
          gnoll_camp_mini_house, gnoll_camp_medium_01, minmay_misc_feat_doors,
          hangedman_decor_clover_reticule, uniq_amaemon, uniq_pikel,
          uniq_gastronok
D:9:      minmay_gate_of_8, layout_long_grid, trog_wizard, david_lair_shrubbed,
          erik_orc_4, hangedman_decor_lopped
D:10:     layout_roguey, kennysheep_mini, nicolae_elyvilon_peaceful_grove,
          enter_bailey_2
D:11:     layout_roguey, minivault_5, bloody_trog
D:12:     layout_irregular_city, minivault_22, grunt_qazlal_clouds, uniq_jorgrun

Skill      XL: |  1  2  3  4  5  6  7  8  9 10 11 12 |
---------------+-------------------------------------+-----
Dodging        | 3 4 5 6 7 8 9 11 12 | 12.4
Fighting       | 3 4 6 |  6.9
Short Blades   | 3 6 |  6.0
Ranged Weapons | 3 7 11 13 14 | 14.4
Evocations     | 3 7 |  7.6
Stealth        | |  7.2

Action                     |  1- 3 |  4- 6 |  7- 9 | 10-12 || total
---------------------------+-------+-------+-------+-------++-------
  Melee: Rapier            |    17 |     1 |       |       ||    18
         Mace              |    56 |   132 |       |       ||   188
         Punch             |       |     3 |       |       ||     3
         Dagger            |       |     3 |   120 |       ||   123
   Fire: Sling             |       |    23 |   197 |       ||   220
         Orcbow            |       |       |    43 |   636 ||   679
  Throw: Dart              |       |       |       |     1 ||     1
 Invoke: Potion Petition   |       |       |       |     1 ||     1
Ability: Begin Untransform |     1 |       |       |     1 ||     2
  Evoke: Wand              |       |       |     8 |       ||     8
    Use: Scroll            |     1 |    10 |     1 |     4 ||    16
         Potion            |       |     1 |       |     1 ||     2
   Stab: Sleeping          |    12 |    12 |     2 |       ||    26
         Distracted        |       |     5 |     1 |       ||     6
 Armour: Robe              |    13 |    35 |    43 |    27 ||   118
  Dodge: Dodged            |    46 |   120 |   103 |   226 ||   495
   Form: Anaconda          |     1 |       |       |     1 ||     2

Table legend: (Time is in decaauts)
 A = Elapsed time spent in this place.
 B = Non-inter-level travel time spent in this place.
 C = Inter-level travel time spent in this place.
 D = Time resting spent in this place.
 E = Time spent auto-exploring this place.
 F = Levels seen in this place.
 G = Mean time per level.
                   A        B        C        D        E       F      G
               +--------+--------+--------+--------+--------+-----+--------+
         Total |   8455 |   7937 |    518 |    384 |   3474 |  13 |  650.4 |
       Dungeon |   8138 |   7620 |    518 |    384 |   3364 |  12 |  678.2 |
        Bailey |    317 |    317 |      0 |      0 |    110 |   1 |  317.0 |
               +--------+--------+--------+--------+--------+-----+--------+

Top non-repeatable levels by time:
     D:7: 1148 daAuts
     D:4: 912 daAuts
     D:8: 744 daAuts
     D:2: 699 daAuts
     D:9: 695 daAuts
    D:11: 639 daAuts
    D:12: 607 daAuts
     D:6: 572 daAuts
     D:1: 564 daAuts
     D:3: 541 daAuts
    D:10: 510 daAuts
     D:5: 500 daAuts
  Bailey: 317 daAuts
